 Dungeon Crawl Stone Soup version 0.23.0 (webtiles) character file.

Game seed: 9786888984777240484

362 MalarOregon the Poker (level 6, 0/47 HPs)
             Began as a Merfolk Skald on Feb 14, 2019.
             Slain by a river rat (3 damage)
             ... in a sewer.
             The game lasted 00:09:39 (4894 turns).

MalarOregon the Poker (Merfolk Skald)               Turns: 4894, Time: 00:09:41

Health: 0/47       AC:  3    Str: 12    XL:     6   Next: 66%
Magic:  8/10       EV: 15    Int: 14    God:
Gold:   157        SH:  5    Dex: 13    Spells: 3/10 levels left

rFire    . . .     SeeInvis .   a - +0 spear
rCold    . . .     Gourm    .   r - +2 buckler
rNeg     . . .     Faith    .   b - +0 leather armour
rPois    .         Spirit   .   (no helmet)
rElec    .         Reflect  .   (no cloak)
rCorr    .         Harm     .   (no gloves)
MR       .....                  (boots currently unavailable)
Stlth    ++........             i - amulet of magic regeneration
HPRegen  0.15/turn              (no ring)
MPRegen  0.37/turn              (no ring)

@: very quick
A: change form in water, swift swim, stealthy swim
a: no special abilities


You were in a sewer.
You were near starving.

You visited 1 branch of the dungeon, and saw 4 of its levels.
You also visited: Sewer.

You collected 157 gold pieces.

Inventory:

Hand Weapons
 a - a +0 spear (weapon)
Armour
 b - a +0 leather armour (worn)
 r - a +2 buckler (worn)
   (You found it on level 2 of the Dungeon)
 u - a +2 buckler
   (You found it on level 3 of the Dungeon)
Jewellery
 i - an amulet of magic regeneration (around neck)
   (You found it on level 1 of the Dungeon)
Scrolls
 d - 2 scrolls of remove curse {unknown}
 j - 2 scrolls of immolation {unknown}
 m - a scroll of teleportation {unknown}
 p - 2 scrolls of magic mapping {unknown}
 q - a scroll of fear {unknown}
 s - 2 scrolls of enchant weapon {unknown}
 v - a scroll of enchant armour {unknown}
Potions
 c - a potion of magic {unknown}
 f - a potion of might {unknown}
 g - a potion of agility {unknown}
 h - 3 potions of curing {@q1}
 k - a potion of degeneration {unknown}
 l - a potion of lignification {unknown}
 n - a potion of flight {unknown}
 o - a potion of invisibility {unknown}
 t - 2 potions of haste {@q3}
 w - 2 potions of heal wounds {unknown}
Comestibles
 e - 2 rations {!d}


   Skills:
 + Level 3.1 Fighting
 * Level 5.7 Polearms
 + Level 1.6 Armour
 + Level 4.1 Dodging
 + Level 2.9 Spellcasting
 + Level 1.3 Hexes
 + Level 4.0 Charms
 + Level 1.0 Necromancy


You had 3 spell levels left.
You knew the following spells:

 Your Spells              Type           Power        Failure   Level  Hunger
a - Infusion              Chrm           ##..         9%          1    #......
e - Regeneration          Chrm/Necr      #.........   43%         3    ###....
t - Spectral Weapon       Hex/Chrm       #.......     41%         3    ###....

Your spell library contained the following spells:

 Spells                   Type           Power        Failure   Level  Hunger
 Song of Slaying          Chrm           ##......     13%         2    ##.....
 Shroud of Golubria       Chrm/Tloc      #.........   30%         2    ##.....


Dungeon Overview and Level Annotations

Branches:
Dungeon (4/15)
 Temple: D:4-7

Altars:


Message History

There is an open door here.
You are near starving!
The river rat misses you.
Your legs become a tail as you enter the water.
You hit the river rat. You block the river rat's attack.
You barely miss the river rat. The river rat bites you.
You closely miss the river rat.
Your tail-slap misses the river rat.
The river rat bites you!
You barely miss the river rat. The river rat closely misses you.
You closely miss the river rat. You block the river rat's attack.
You closely miss the river rat. You block the river rat's attack.
The river rat bites you.
You closely miss the river rat. The river rat misses you.
You hit the river rat. The river rat misses you.
The river rat bites you but does no damage.
You hit the river rat but do no damage.
You tail-slap the river rat, but do no damage.
The river rat completely misses you. The river rat bites you.
You hit the river rat but do no damage. You tail-slap the river rat.
The river rat bites you. The river rat barely misses you.
You closely miss the river rat.
The river rat bites you but does no damage.
You barely miss the river rat.
You tail-slap the river rat, but do no damage.
The river rat bites you.
* * * LOW HITPOINT WARNING * * *
The river rat bites you.
* * * LOW HITPOINT WARNING * * *
You draw out your weapon's spirit!
The river rat closely misses you.
The river rat bites you but does no damage.
You hit the river rat but do no damage.
Your tail-slap misses the river rat.
Your spectral weapon closely misses the river rat.
The river rat bites you.
* * * LOW HITPOINT WARNING * * *
The river rat bites you.
* * * LOW HITPOINT WARNING * * *
You hit the river rat.
You kill the river rat!
Your Necromancy skill increases to level 1!
The river rat bites you!
* * * LOW HITPOINT WARNING * * *
You hit the river rat but do no damage.
Your tail-slap misses the river rat.
Your spectral weapon closely misses the river rat.
The river rat bites you.
* * * LOW HITPOINT WARNING * * *
Unknown command.
You hit the river rat.
Your spectral weapon barely misses the river rat.
The river rat bites you.
You die...

##.............##
####
##........r......##
##...
#.........#.......#
#....
##......##'##......##
#..∩∩
#......##..###......#
#.... #..≈..###..#
#..≈...# #..≈.
#≈≈≈≈≈≈##### #≈≈≈≈≈≈#
#≈≈≈≈ #≈≈≈≈≈≈#
#†≈≈≈≈≈# #≈≈≈≈
#≈≈≈≈≈≈# #@rr≈≈≈#
#≈≈≈≈ #≈≈≈r≈≈#
#≈(≈≈≈≈# #≈≈≈≈
#≈≈≈≈≈≈# #≈≈≈≈≈≈#
#≈≈≈≈ #≈≈≈≈≈≈#
#≈≈#≈≈≈# #≈≈≈≈
#≈≈≈≈≈≈# #≈≈≈≈≈≈#
#≈≈≈≈ #≈...≈##
#≈≈≈≈≈≈# #≈≈≈≈
#≈..)≈≈# #.≈≈≈≈≈#
#≈≈#≈ #≈≈.≈r##
#≈≈≈≈≈≈# #≈.≈≈
#≈r≈≈≈≈# #≈≈≈≈≈≈#
#≈≈≈≈


You could see a river rat, a rat and a friendly spectral +0 spear.

Vanquished Creatures
  A centaur (D:2)
  An orc wizard (D:3)
  Natasha (thrice) (D:2)
  A gnoll (D:2)
  2 river rats (Sewer)
  5 adders
  2 oozes
  2 worms (D:2)
  A dart slug (D:1)
  6 leopard geckos
  4 orcs (D:3)
  3 ball pythons (Sewer)
  4 bats
  6 giant cockroaches
  6 hobgoblins
  2 jackals (D:2)
  3 frilled lizards
  8 goblins
  7 kobolds
  24 rats
91 creatures vanquished.

Notes
Turn   | Place    | Note
-------+----------+-------------------------------------------
     0 | D:1      | MalarOregon the Merfolk Skald began the quest for the Orb.
     0 | D:1      | Reached XP level 1. HP: 16/16 MP: 3/3
   386 | D:1      | Reached XP level 2. HP: 18/22 MP: 5/5
   930 | D:1      | Reached XP level 3. HP: 15/28 MP: 2/6
  1207 | D:2      | Reached skill level 4 in Polearms
  1207 | D:2      | Reached skill level 1 in Armour
  1359 | D:2      | Reached XP level 4. HP: 18/34 MP: 7/7
  1607 | D:2      | Learned a level 3 spell: Regeneration
  1611 | D:2      | Learned a level 3 spell: Spectral Weapon
  1744 | D:2      | Noticed Natasha
  1753 | D:2      | Killed Natasha
  1949 | D:2      | Noticed Natasha
  2015 | D:2      | Killed Natasha
  2015 | D:2      | Reached XP level 5. HP: 34/40 MP: 8/8
  2024 | D:2      | Noticed a centaur
  2193 | D:3      | Reached skill level 5 in Polearms
  2592 | D:2      | Killed a centaur
  2592 | D:2      | Reached skill level 1 in Hexes
  2592 | D:2      | Reached XP level 6. HP: 30/47 MP: 5/10
  2654 | D:2      | Noticed Natasha
  2666 | D:2      | HP: 1/47 [Natasha (6)]
  2669 | D:2      | Killed Natasha
  3909 | D:4      | Found a glowing drain.
  3947 | Sewer    | Entered a sewer
  4892 | Sewer    | Reached skill level 1 in Necromancy
  4894 | Sewer    | Slain by a river rat

Skill      XL: |  1  2  3  4  5  6 |
---------------+-------------------+-----
Dodging        | 3 4 |  4.1
Polearms       | 4 5 |  5.7
Armour         | 1 |  1.6
Fighting       | 3 |  3.1
Hexes          | 1 |  1.3
Charms         | 4 |  4.0
Necromancy     | 1 |  1.0
Spellcasting   | |  2.9

Action                   |  1- 3 |  4- 6 || total
-------------------------+-------+-------++-------
Melee: Spear             |   113 |   318 ||   431
       Tailslap          |       |    10 ||    10
 Cast: Infusion          |     4 |       ||     4
       Spectral Weapon   |       |     5 ||     5
       Regeneration      |       |     2 ||     2
  Use: Potion            |     1 |     1 ||     2
       Scroll            |       |     2 ||     2
 Stab: Distracted        |       |     1 ||     1
  Eat: Chunk             |     1 |    12 ||    13
Armor: Leather armour    |    22 |    58 ||    80
Dodge: Dodged            |    51 |   208 ||   259
Block: Buckler           |       |    56 ||    56
